 Dungeon Crawl Stone Soup version 0.30.1-3-gfc49f6343a (webtiles) character file.

Game seed: 7776821813938868130

693 monsoonserge the Ruffian (level 7, -7/70 HPs)
             Began as a Troll Fighter on Aug 8, 2023.
             Killed from afar by a steam dragon (20 damage)
             ... with a ball of steam
             ... on level 6 of the Dungeon.
             The game lasted 00:06:16 (3100 turns).

monsoonserge the Ruffian (Troll Fighter)            Turns: 3100, Time: 00:06:17

Health: -7/70      AC:  3    Str: 25    XL:     7   Next: 37%
Magic:  6/6        EV:  9    Int:  6    God:
Gold:   166        SH:  8    Dex:  9    Spells: 6/6 levels left

rFire   . .          .
                       - Unarmed
rCold   . . .        b - +0 kite shield
rNeg    . . .        a - +0 robe
rPois   .            (helmet restricted)
rElec   .            n - +2 cloak
rCorr   .            (gloves unavailable)
SInv    .            (boots unavailable)
Will    .....        (no amulet)
Stlth   +            (no ring)
HPRegen 1.11/turn    (no ring)
MPRegen 0.10/turn

%: no passive effects
@: mighty, lethally poisoned (-7 -> -7), corroded
A: large, unfitting armour, claws 3, regeneration 1, shaggy fur 1, tough skin 1
a: no special abilities


You were on level 6 of the Dungeon.
You visited 1 branch of the dungeon, and saw 5 of its levels.

You collected 166 gold pieces.

Inventory:

Missiles
 o - 4 poisoned darts (quivered)
 q - 2 curare-tipped darts
Armour
 a - a +0 robe (worn)
 b - a +0 kite shield (worn)
 n - a +2 cloak (worn)
Scrolls
 d - 2 scrolls of amnesia {unknown}
 e - a scroll of noise {unknown}
 g - a scroll of immolation {unknown}
 h - 3 scrolls of magic mapping {unknown}
 j - 3 scrolls of fog {unknown}
 l - 2 scrolls of teleportation {unknown}
 m - 2 scrolls of identify {unknown}
 p - a scroll of fear {unknown}
 r - 3 scrolls of blinking {unknown}
Potions
 c - a potion of might
 f - a potion of attraction {unknown}
 i - a potion of heal wounds {unknown}
 k - a potion of curing {unknown}


   Skills:
 + Level 4.1 Fighting
 - Level 2.4 Dodging
 + Level 4.5 Shields
 * Level 6.1 Unarmed Combat


You had 6 spell levels left.
You didn't know any spells.
Your spell library contained the following spells:

 Spells                   Type           Power      Damage    Failure   Level
 Beastly Appendage        Tmut           0%         N/A       71%         1
 Wereblood                Tmut           0%         N/A       83%         2
 Spider Form              Tmut/Pois      0%         N/A       97%         3


Dungeon Overview and Level Annotations

Branches:
Dungeon (6/15)
 Temple: D:4-7

Altars:
Hepliaklqana
Qazlal
Vehumet
The Shining One

Annotations:
D:3 2 transporters, zzuzz's ghost, amateur OpTm


Innate Abilities, Weirdness & Mutations

You are too large for most types of armour.
You have claws for hands.
Your natural rate of healing is unusually fast.
You are covered in fur. (AC +1)
You have tough skin. (AC +1)


Message History

You scratch the jelly but do no damage.
Your claws burn!
The jelly is almost dead.
You block the jelly's attack.
You mangle the jelly!!
You kill the jelly!
The adder bites you.
You are poisoned.
The adder poisons you!
You claw the steam dragon!
The steam dragon is moderately wounded.
You feel sick. The steam dragon breathes steam at you.
The ball of steam hits you! The adder closely misses you.
You scratch the steam dragon but do no damage.
The steam dragon is moderately wounded.
You are engulfed in a cloud of scalding steam.
You feel sick. The steam dragon bites you. The steam dragon closely misses you.
The adder bites you.
You are more poisoned.
The adder poisons you!
You scratch the steam dragon but do no damage.
The steam dragon is moderately wounded.
You are engulfed in a cloud of scalding steam.
You feel very sick. The adder bites you. The steam dragon bites you.
* * * LOW HITPOINT WARNING * * *
You block the steam dragon's attack.
The steam dragon attacks as you move away!
The steam dragon bites you.
* * * LOW HITPOINT WARNING * * *
The steam dragon claws you.
* * * LOW HITPOINT WARNING * * *
The adder attacks as you move away! The adder bites you but does no damage.
You feel sick. The adder bites you but does no damage.
Okay, then.
You feel very mighty all of a sudden.
You feel sick. The steam dragon breathes steam at you.
The ball of steam hits you!!
You die...

#.# #.#
####.####
##.......#####
##......#......
##........######
#.........#
..........#
#?......D@#
##......S##
........##
##.#.....#
#.##.....#
#.......#
..........#
...........+
###.........#


You could see a steam dragon (catching breath) and an adder.

Vanquished Creatures
  Sigmund (D:3)
  A water moccasin (D:6)
  An ogre (D:4)
  A scorpion (D:6)
  A howler monkey (D:6)
  A jelly (D:6)
  Crazy Yiuf (D:3)
  6 gnolls (D:4)
  4 adders
  A white imp (D:6)
  A worm (D:3)
  10 orcs
  10 bats
  4 endoplasms
  3 giant cockroaches
  6 goblins
  4 hobgoblins
  4 quokkas
  4 ball pythons
  4 frilled lizards
  4 kobolds (D:1)
  3 rats
75 creatures vanquished.

Notes
Turn   | Place    | Note
-------+----------+-------------------------------------------
     0 | D:1      | monsoonserge the Troll Fighter began the quest for the Orb.
     0 | D:1      | Reached XP level 1. HP: 22/22 MP: 0/0
   287 | D:1      | Found a faded altar of an unknown god.
   352 | D:1      | Reached XP level 2. HP: 29/29 MP: 1/1
   927 | D:2      | Reached XP level 3. HP: 36/36 MP: 2/2
   935 | D:2      | Reached skill level 3 in Unarmed Combat
  1669 | D:3      | Found a transporter.
  1669 | D:3      | Found a transporter.
  1812 | D:3      | Reached XP level 4. HP: 44/44 MP: 3/3
  1904 | D:3      | Noticed Sigmund
  1916 | D:3      | Killed Sigmund
  1917 | D:3      | Reached skill level 4 in Unarmed Combat
  1917 | D:3      | Reached XP level 5. HP: 53/53 MP: 4/4
  2101 | D:3      | Found a hazy altar of Hepliaklqana.
  2195 | D:3      | Found a stormy altar of Qazlal.
  2197 | D:3      | Found a glowing golden altar of the Shining One.
  2289 | D:3      | Found a runed translucent door.
  2290 | D:3      | Noticed Crazy Yiuf
  2326 | D:3      | Reached XP level 6. HP: 61/61 MP: 5/5
  2439 | D:3      | Noticed zzuzz's ghost (amateur OpTm)
  2560 | D:3      | Killed Crazy Yiuf
  2728 | D:4      | Found a radiant altar of Vehumet.
  2774 | D:4      | Reached skill level 5 in Unarmed Combat
  2912 | D:4      | You fall into a shaft and drop 2 floors!
  2955 | D:6      | Noticed a water moccasin
  2964 | D:6      | Killed a water moccasin
  2965 | D:6      | Reached XP level 7. HP: 60/70 MP: 6/6
  3017 | D:6      | Reached skill level 6 in Unarmed Combat
  3087 | D:6      | Noticed a steam dragon
  3100 | D:6      | Killed from afar by a steam dragon

Illustrated notes

Levels and vault maps discovered:
D:1:      mrwooster_arrival_statue, layout_basic,
          shapermc_ecumenical_altar_ellora
D:2:      layout_basic, nrook_uturn
D:3:      layout_basic, nicolae_overflow_hidden_temple,
          gammafunk_ghost_gnarly_gnolls, hangedman_decor_peaks_small,
          uniq_crazy_yiuf_cottage, uniq_sigmund
D:4:      layout_loops_corners, lemuel_tele_altar, minmay_temple_entry_hall,
          serial_shops, nicolae_shop_bloodbath_and_beyond
D:6:      layout_loops_corners, nicolae_figureground_pulse, uniq_blork_the_orc

Skill      XL: |  1  2  3  4  5  6  7 |
---------------+----------------------+-----
Shields        | 3 4 |  4.5
Unarmed Combat | 3 4 5 6 |  6.1
Fighting       | 3 4 |  4.1
Dodging        | |  2.4

Action                     |  1- 3 |  4- 6 |  7- 9 || total
---------------------------+-------+-------+-------++-------
  Melee: Unarmed           |    97 |    83 |    13 ||   193
    Use: Potion            |       |       |     1 ||     1
   Stab: Sleeping          |     2 |       |       ||     2
 Armour: Robe              |    32 |    22 |     5 ||    59
  Dodge: Dodged            |    32 |    25 |     6 ||    63
  Block: Kite shield       |    37 |    25 |     2 ||    64
